Map: Heavy Artillery LE

Players

mystic

  • Race: Zerg Zerg
  • League: Platinum
  • Spawn Location: 7:00

KingBoo

  • Race: Zerg Zerg
  • League: Gold
  • Spawn Location: 7:00

Massa - Winner!

  • Race: Terran Terran
  • League: Gold
  • Spawn Location: 1:00

qqq - Winner!

  • Race: Zerg Zerg
  • League: Platinum
  • Spawn Location: 3:00

VOD

Have the link to the VOD?

Description

Time

  • Played on: May 31, 2020, 6:26 a.m.
  • Length: 5:57
Show
View Real Time Build Order
Export as new Build Order

mystic Zerg 

Build Orders: Pool First 

Get SALT Encoding   

  12  0:03  Drone  
  13  0:13  Drone  
  14  0:17  Overlord  
  14  0:39  Spawning Pool  
  13  0:58  Drone x3  
  16  1:13  Hatchery  
  16  1:15  Drone  
  16  1:20  Drone  
  17  1:38  Queen  
  19  1:40  Extractor  
  19  1:42  Overlord  
  18  1:51  Drone  
  19  1:59  Drone  
  20  2:07  Drone  
  21  2:15  Queen  
  23  2:22  Drone  
  24  2:25  Queen  
  26  2:30  Overlord  
  26  2:37  Overlord  
  26  2:44  Drone x2  
  26  2:45  Extractor  
  27  2:52  Metabolic Boost  
  27  3:00  Drone x4  
  31  3:09  Drone  
  32  3:16  Drone  
  32  3:19  Drone x2  
  35  3:28  Spore Crawler  
  35  3:31  Overlord  
  34  3:35  Overlord  
  34  3:38  Spore Crawler  
  33  3:43  Lair  
  33  3:44  Drone x2  
  33  3:45  Drone  
  36  3:49  Drone  
  36  3:50  Drone  
  36  3:52  Drone  
  39  4:03  Extractor, Overlord  
  39  4:06  Overlord  
  38  4:16  Drone x4  
  42  4:21  Extractor  
  42  4:23  Pneumatized Carapace  
  41  4:24  Drone x3  
  41  4:26  Drone  
  45  4:32  Overlord  
  45  4:38  Zergling x8  
  49  4:57  Zergling x8  
  49  4:58  Spine Crawler, Zergling x2  
  53  5:02  Spine Crawler  
  47  5:12  Zergling x4  
  47  5:13  Zergling x4  
Show
View Real Time Build Order
Export as new Build Order

KingBoo Zerg 

Build Orders: Hatch First 

Get SALT Encoding   

  12  0:02  Drone  
  13  0:10  Drone  
  14  0:18  Extractor  
  14  0:20  Extractor  
  14  0:21  Drone  
  13  0:22  Drone  
  13  0:27  Overlord  
  16  0:49  Drone  
  17  0:53  Hatchery  
  17  0:56  Drone  
  17  1:01  Drone  
  18  1:15  Spawning Pool  
  18  1:17  Drone  
  18  1:20  Extractor  
  18  1:22  Extractor  
  16  1:28  Drone x2  
  19  1:40  Drone  
  19  1:53  Drone  
  20  2:04  Queen  
  20  2:06  Drone  
  20  2:08  Queen  
  25  2:09  Drone  
  26  2:19  Drone  
  26  2:21  Drone  
  28  2:28  Overlord  
  28  2:45  Overlord x2  
  28  2:54  Drone  
  28  2:56  Drone  
  28  2:57  Drone x2  
  32  3:03  Lair  
  32  3:07  Drone  
  33  3:15  Overlord x3  
  33  3:43  Roach Warren  
  32  3:49  Drone x3  
  35  3:57  Drone x5  
  35  4:01  Drone  
  35  4:02  Extractor x2  
  39  4:09  Spire  
  38  4:13  Drone  
  39  4:20  Spore Crawler  
  39  4:23  Drone  
  39  4:24  Drone x2  
  41  4:32  Spire  
  41  4:35  Drone  
  41  4:51  Roach x4  
  49  4:58  Roach  
  49  4:59  Roach x5  
Show
View Real Time Build Order
Export as new Build Order

Massa Terran - Winner!

Build Orders: 2 Factory, Hellion Opening 

Get SALT Encoding   

  12  0:09  Supply Depot  
  12  0:13  SCV  
  13  0:25  SCV  
  14  0:32  Barracks  
  14  0:37  SCV  
  15  0:45  Supply Depot  
  15  0:49  SCV  
  16  0:56  Refinery  
  16  1:01  SCV  
  17  1:09  Refinery  
  17  1:13  SCV  
  18  1:26  Marine  
  18  1:31  SCV  
  20  1:43  SCV, Marine  
  22  1:55  SCV  
  22  1:59  Factory  
  23  2:07  Factory  
  23  2:17  Barracks Reactor  
  23  2:31  SCV  
  24  2:43  Orbital Command  
  24  2:51  Factory Reactor  
  24  2:52  Supply Depot  
  24  3:03  Hellion  
  24  3:04  Hellion  
  28  3:09  Barracks Tech Lab  
  28  3:15  Supply Depot  
  28  3:25  Hellion x2  
  32  3:38  Hellion  
  32  3:40  Hellion  
  36  3:46  Hellion x2  
  40  3:58  Supply Depot  
  40  3:59  Hellion  
  40  4:00  Supply Depot  
  40  4:02  Hellion  
  44  4:03  Supply Depot  
  44  4:11  Hellion  
  46  4:20  Hellion, Marauder  
  46  4:23  Hellion  
  54  4:24  Hellion  
  54  4:32  Hellion  
  56  4:41  Hellion  
  56  4:44  Hellion  
  60  4:48  Marauder  
Show
View Real Time Build Order
Export as new Build Order

qqq Zerg - Winner!

Build Orders: Hatch First 

Get SALT Encoding   

  12  0:03  Drone  
  13  0:08  Drone  
  14  0:37  Hatchery  
  13  0:52  Spawning Pool  
  12  0:57  Overlord  
  12  1:02  Drone  
  13  1:05  Drone  
  14  1:13  Extractor  
  14  1:14  Drone  
  14  1:20  Drone  
  15  1:31  Drone  
  16  1:44  Queen  
  18  1:53  Queen  
  18  1:54  Drone  
  21  1:55  Drone  
  21  1:59  Drone  
  23  2:03  Drone  
  24  2:10  Drone  
  24  2:11  Drone  
  26  2:19  Metabolic Boost  
  26  2:29  Zergling x2  
  28  2:30  Zergling x2  
  28  2:32  Overlord  
  28  2:40  Baneling Nest  
  28  2:41  Drone  
  28  2:44  Overlord  
  28  2:50  Zergling x2  
  29  2:52  Zergling x2  
  29  2:58  Zergling x2  
  31  2:59  Overlord  
  31  3:01  Drone  
  31  3:05  Zergling x2  
  33  3:08  Zergling x2  
  33  3:12  Zergling x2  
  35  3:15  Zergling x2  
  35  3:18  Zergling x2  
  37  3:26  Drone, Zergling x2  
  39  3:27  Zergling x4  
  39  3:29  Zergling x2  
  39  3:33  Baneling x2  
  39  3:34  Baneling  
  42  3:35  Baneling x2  
  42  3:39  Zergling x2  
  42  3:41  Drone  
  44  3:44  Zergling x2  
  45  3:49  Zergling x2  
  45  3:50  Drone  
  47  3:56  Zergling x2  
  47  3:59  Drone  
  47  4:02  Drone  
  50  4:03  Evolution Chamber  
  50  4:05  Zergling x2  
  50  4:18  Drone, Roach Warren  
  50  4:20  Zergling x2  
  50  4:23  Overlord  
  51  4:25  Overlord  
  51  4:35  Zergling x2  
  51  4:38  Overlord  
  52  4:45  Zergling x4  
  54  4:49  Lair  
  54  4:53  Zergling x4  
  54  4:55  Zergling x2  
  54  4:56  Drone  
Tags
 
Add a new tag
Caveats
  • Supply blocks, unpowered buildings, or Contaminate may cause inaccurate times.
  • Supply counts are checked every 10 seconds.